 Dungeon Crawl Stone Soup version 0.23-a0-275-g0cf4261 (webtiles) character file.

8432 MisterFreud the Grappler (level 11, -8/94 HPs)
             Began as a Troll Monk on Oct 2, 2018.
             Was a High Priest of Qazlal.
             Mangled by a yak (10 damage)
             ... on level 1 of the Lair of Beasts.
             The game lasted 00:28:33 (7896 turns).

MisterFreud the Grappler (Troll Monk)               Turns: 7896, Time: 00:28:34

Health: -8/94      AC: 11    Str: 21    XL:     11   Next: 9%
Magic:  0/17       EV: 11    Int:  6    God:    Qazlal [*****.]
Gold:   61         SH:  6    Dex: 15    Spells: 10/10 levels left

rFire    . . .     SeeInvis +     - Unarmed
rCold    . . .     Gourm    +   (no shield)
rNeg     . . .     Faith    .   K - +0 robe {MR+}
rPois    .         Spirit   +   h - +2 hat
rElec    .         Reflect  .   i - +0 cloak
rCorr    .         Harm     .   (gloves unavailable)
MR       +....                  (boots unavailable)
Stlth    +.........             k - amulet of guardian spirit
HPRegen  0.65/turn              A - ring of see invisible
MPRegen  0.15/turn              (no ring)

@: protected from physical damage, repel missiles
A: large, unfitting armour, claws 3, fast metabolism 3, gourmand, regeneration
1, shaggy fur 1, tough skin 2
a: Upheaval, Elemental Force, Disaster Area, Renounce Religion


You were on level 1 of the Lair of Beasts.
You worshipped Qazlal.
Qazlal was extremely pleased with you.
You were completely stuffed.

You visited 3 branches of the dungeon, and saw 12 of its levels.

You collected 578 gold pieces.
You spent 517 gold pieces at shops.

Inventory:

Hand Weapons
 I - the +10 hunting sling of the Bear {velocity, MP+9 Str+6}
   (You found it on level 9 of the Dungeon)

   Any stone fired from it inflicts extra damage.
   It affects your strength (+6).
   It affects your magic capacity (+9).
Missiles
 c - 253 stones (quivered)
 n - 40 sling bullets
 o - 2 javelins
 C - 7 poisoned javelins
 H - 2 throwing nets
Armour
 g - a +0 robe of cold resistance
 h - a +2 hat (worn)
 i - a +0 cloak (worn)
 K - a +0 robe of magic resistance (worn)
Jewellery
 k - an amulet of guardian spirit (around neck)
 A - a ring of see invisible (left claw)
 M - an uncursed ring of flight {unknown}
Wands
 y - a wand of polymorph (9)
 B - a wand of digging (13)
 F - a wand of scattershot (9)
 J - a wand of paralysis (19)
Scrolls
 a - 2 scrolls of identify
 d - 4 scrolls of remove curse
 e - 3 scrolls of random uselessness {unknown}
 j - a scroll of fog
 l - 4 scrolls of teleportation
 p - 4 scrolls of blinking {unknown}
 q - 7 scrolls of enchant armour
 r - a scroll of magic mapping {unknown}
 w - 3 scrolls of enchant weapon {unknown}
 x - a scroll of fear
 D - a scroll of silence
 L - a scroll of immolation
Potions
 f - 2 potions of berserk rage
 m - a potion of magic
 s - 6 potions of curing
 t - 3 potions of agility
 u - 2 potions of flight
 v - 2 potions of resistance
 z - 3 potions of degeneration
 E - 2 potions of mutation
 G - 2 potions of ambrosia {unknown}
 N - 3 potions of might
 O - a potion of heal wounds
 P - a potion of lignification
 Q - a potion of cancellation
Comestibles
 b - 26 rations


   Skills:
 - Level 2.4 Fighting
 - Level 2.4 Dodging
 - Level 1.0 Stealth
 - Level 12.0 Unarmed Combat
 + Level 9.7 Invocations
 - Level 5.1 Evocations


You had 10 spell levels left.
You didn't know any spells.
Your spell library was empty.

Dungeon Overview and Level Annotations

Branches:
Dungeon (10/15)            Temple (1/1) D:5            Lair (1/6) D:8
    Orc: D:9-12

Altars:
Ashenzari
Cheibriados
Dithmenos
Fedhas
Hepliaklqana
Kikubaaqudgha
Makhleb
Nemelex Xobeh
Qazlal
Ru
Sif Muna
Trog
Uskayaw
Vehumet
Yredelemnul
The Shining One

Shops:
D:4 [   D:5 (***   D:8 }   D:9 [[[!

Annotations:
D:7 2 transporters, Maurice; mhoghedin's ghost, novice FoFi
D:10 1 runed door, DapperDogman's ghost, novice MiBe


Innate Abilities, Weirdness & Mutations

You are too large for most types of armour.
You have claws for hands.
Your metabolism is lightning-fast.
You like to eat raw meat.
Your natural rate of healing is unusually fast.
You are covered in fur. (AC +1)
You have very tough skin. (AC +2)


Message History

Press: ? - help, Shift-Dir - straight line A rock wall.
The rock shatters into small pieces.
The yak gores you! x2
* * * LOW HITPOINT WARNING * * *
The yak gores you!
* * * LOW HITPOINT WARNING * * *
The yak is engulfed in freezing vapours.
You kill the yak!
Qazlal accepts your kill. The yak gores you.
* * * LOW HITPOINT WARNING * * *
You feel more protected from physical attacks.
The yak gores you!
* * * LOW HITPOINT WARNING * * *
The yak gores you.
* * * LOW HITPOINT WARNING * * *
The yak gores you.
* * * LOW HITPOINT WARNING * * *
The yak gores you!
You die...

.......?#............
...( #.###...P.)#.#......
.... ...#P.#.............
...........>.............
..... ##......##.......#
..... #Y§....#.....#...
.....###.r.§..#.#...#
#..YYYYY.%......#
##.##@§§......###
#......#.#####
.........#### ...(.##.##
.....##.# .....##.#
...#####.# #... ###


You could see 6 yaks and a porcupine.

Vanquished Creatures
  Harold (D:7)
  Pikel (D:8)
  Joseph (D:8)
  A komodo dragon (D:8)
  2 hippogriffs
  Sigmund (D:6)
  A wyvern (D:8)
  3 yaks
  Eustachio (D:5)
  A hungry ghost (D:7)
  Menkaure (D:7)
  A soldier ant (D:10)
  A water moccasin (D:8)
  An ice beast (D:5)
  2 slaves
  3 black bears (D:9)
  2 orc warriors
  8 ogres
  2 phantoms
  6 centaurs
  2 big kobolds
  8 bullfrogs
  2 water moccasin zombies
  A wyvern skeleton (D:7)
  A scorpion (D:3)
  13 wights
  A howler monkey (D:9)
  7 crimson imps
  A bullfrog zombie (D:3)
  3 hounds
  3 jellies
  A quasit (D:7)
  2 centaur skeletons
  7 orc priests
  2 bullfrog skeletons
  10 orc wizards
  An iguana (D:3)
  7 worker ants
  A hound zombie (D:5)
  A hound skeleton (D:6)
  A howler monkey zombie (D:9)
  A worker ant zombie (D:9)
  4 gnolls
  12 adders
  A shadow imp (D:8)
  An ooze (D:2)
  2 adder skeletons
  2 worms
  2 dart slugs (D:1)
  5 leopard geckos
  42 orcs
  8 bats
  6 giant cockroaches
  9 hobgoblins
  22 jackals
  20 kobolds
  7 quokkas
  4 frilled lizards
  5 goblins
  A leopard gecko zombie (D:7)
  A quokka skeleton (D:8)
  2 quokka zombies
  12 rats
284 creatures vanquished.

Vanquished Creatures (others)
  9 plants (D:8)
9 creatures vanquished.

Grand Total: 293 creatures vanquished

Notes
Turn   | Place    | Note
-------+----------+-------------------------------------------
     0 | D:1      | MisterFreud the Troll Monk began the quest for the Orb.
     0 | D:1      | Reached XP level 1. HP: 22/22 MP: 0/0
     2 | D:1      | Noticed a dwarf
     4 | D:1      | Noticed a gargoyle
     4 | D:1      | Noticed a spriggan
     6 | D:1      | Noticed a human
     6 | D:1      | Noticed a vine stalker
     8 | D:1      | Noticed a formicid
    10 | D:1      | Noticed a halfling
    12 | D:1      | Noticed a naga
    12 | D:1      | Noticed a centaur
    14 | D:1      | Noticed a troll
    14 | D:1      | Noticed a demigod
    16 | D:1      | Noticed a draconian
    16 | D:1      | Noticed a ghoul
    18 | D:1      | Noticed an ogre
    18 | D:1      | Noticed an elf
    20 | D:1      | Noticed a vampire
    20 | D:1      | Noticed a minotaur
    22 | D:1      | Noticed a felid
    24 | D:1      | Noticed an octopode
    24 | D:1      | Noticed a demonspawn
    26 | D:1      | Noticed a tengu
    26 | D:1      | Noticed a merfolk
   114 | D:1      | Reached XP level 2. HP: 29/29 MP: 1/1
   149 | D:1      | Reached skill level 4 in Unarmed Combat
   452 | D:1      | Reached XP level 3. HP: 36/36 MP: 2/2
  1153 | D:2      | Reached skill level 5 in Unarmed Combat
  1153 | D:2      | Reached XP level 4. HP: 44/44 MP: 3/3
  1291 | D:3      | Reached XP level 5. HP: 50/50 MP: 4/4
  1382 | D:2      | Reached skill level 6 in Unarmed Combat
  1947 | D:3      | Reached XP level 6. HP: 59/59 MP: 5/5
  1956 | D:3      | Reached skill level 7 in Unarmed Combat
  2560 | D:3      | Reached skill level 8 in Unarmed Combat
  2565 | D:3      | Reached XP level 7. HP: 58/66 MP: 6/6
  2737 | D:4      | Reached skill level 9 in Unarmed Combat
  2902 | D:4      | Found Xaco's Armour Emporium.
  2971 | D:5      | Entered Level 5 of the Dungeon
  2996 | D:4      | Reached XP level 8. HP: 63/74 MP: 7/7
  3086 | D:5      | Reached skill level 10 in Unarmed Combat
  3146 | D:5      | Found Vosush's General Store.
  3152 | D:5      | Bought a scroll of fear for 38 gold pieces
  3152 | D:5      | Bought a scroll of teleportation for 33 gold pieces
  3152 | D:5      | Bought a potion of degeneration for 11 gold pieces
  3152 | D:5      | Bought a scroll of enchant armour for 82 gold pieces
  3205 | D:5      | Reached skill level 1 in Evocations
  3295 | D:5      | Found a shadowy altar of Dithmenos.
  3410 | D:5      | Found Reaklyde's Weapon Emporium.
  3527 | D:5      | Found a staircase to the Ecumenical Temple.
  3557 | Temple   | Entered the Ecumenical Temple
  3622 | Temple   | Became a worshipper of Qazlal Stormbringer
  3622 | Temple   | Reached * piety under Qazlal
  3622 | Temple   | Reached ** piety under Qazlal
  3747 | D:5      | Found Unatugga's General Store.
  3883 | D:5      | Found Nifeiro's General Store.
  3886 | D:5      | Bought a potion of curing for 36 gold pieces
  3994 | D:6      | Noticed Eustachio
  4002 | D:6      | Reached skill level 1 in Invocations
  4009 | D:6      | Noticed Sigmund
  4091 | D:6      | Found a glowing golden altar of the Shining One.
  4091 | D:6      | Found a hide-covered altar of Uskayaw.
  4091 | D:6      | Found a bloodstained altar of Trog.
  4124 | D:6      | Reached XP level 9. HP: 67/80 MP: 11/11
  4209 | D:6      | Found a blossoming altar of Fedhas.
  4292 | D:5      | Killed Eustachio
  4292 | D:5      | Reached skill level 5 in Evocations
  4375 | D:6      | Killed Sigmund
  4456 | D:6      | Found a sparkling altar of Nemelex Xobeh.
  5021 | D:7      | Reached skill level 5 in Invocations
  5061 | D:7      | Reached *** piety under Qazlal
  5174 | D:7      | Noticed Menkaure
  5241 | D:7      | Killed Menkaure
  5456 | D:7      | Reached skill level 11 in Unarmed Combat
  5540 | D:7      | Reached XP level 10. HP: 81/88 MP: 11/13
  5613 | D:7      | Found a transporter.
  5619 | D:7      | Noticed a two-headed ogre
  5623 | D:7      | Noticed mhoghedin's ghost (novice FoFi)
  5629 | D:7      | Found a transporter.
  5656 | D:7      | Noticed Harold
  5676 | D:7      | Killed Harold
  5912 | D:7      | Identified a scroll of acquirement
  5942 | D:8      | Reached skill level 12 in Unarmed Combat
  6014 | D:8      | Noticed Joseph
  6081 | D:8      | Killed Joseph
  6160 | D:8      | Noticed Maurice
  6356 | D:8      | Reached **** piety under Qazlal
  6357 | D:8      | Found Goonaame's Gadget Shop.
  6493 | D:8      | Found a burning altar of Makhleb.
  6697 | D:8      | Noticed Pikel
  6709 | D:8      | Paralysed by Pikel for 7 turns
  6725 | D:8      | Killed Pikel
  6731 | D:8      | Found a staircase to the Lair.
  6855 | D:9      | Found Cigruag's Antique Armour Emporium.
  6857 | D:9      | Found Quofag's Antique Armour Emporium.
  6876 | D:9      | Found Viaczefie's Antique Armour Boutique.
  6889 | D:9      | Bought a runed robe for 77 gold pieces
  6977 | D:9      | Found a sparkling altar of Nemelex Xobeh.
  7003 | D:9      | Found a sacrificial altar of Ru.
  7310 | D:9      | Got a scorched hunting sling
  7311 | D:9      | Identified the +10 hunting sling of the Bear {velocity,
                  | MP+9 Str+6} (You found it on level 9 of the Dungeon)
  7318 | D:9      | Found Obeheo's Distillery.
  7327 | D:9      | Bought a potion of heal wounds for 60 gold pieces
  7327 | D:9      | Bought a potion of lignification for 36 gold pieces
  7327 | D:9      | Bought a potion of cancellation for 96 gold pieces
  7327 | D:9      | Bought a potion of might for 48 gold pieces
  7553 | D:10     | Entered Level 10 of the Dungeon
  7611 | D:10     | Found a runed door.
  7611 | D:10     | Noticed a stone giant
  7611 | D:10     | Noticed DapperDogman's ghost (novice MiBe)
  7702 | D:10     | Noticed a two-headed ogre
  7705 | D:10     | Reached XP level 11. HP: 89/94 MP: 14/16
  7709 | D:10     | Noticed a cyan ugly thing
  7833 | Lair:1   | Entered Level 1 of the Lair of Beasts
  7877 | D:8      | Reached ***** piety under Qazlal
  7896 | Lair:1   | HP: 2/94 [yak (4)]
  7896 | Lair:1   | Mangled by a yak

Vault maps used:
D:1:      kb_arrival_jail
D:2:      first_ration
D:4:      serial_glass, glass_columns_a, glass_columns_a, serial_shops, shop
D:5:      temple_fountains, serial_shops, kennysheep_mini, shop, shop,
          nicolae_shop_trees, minmay_misc_feat_columns,
          nicolae_dithmenos_the_darkroom
D:6:      lemuel_crystal_altar, grunt_temple_overflow_open,
          nemelex_xobeh_ov_fountains_minmay, uniq_sigmund, uniq_eustachio
D:7:      gammafunk_ghost_smash, uniq_harold, uniq_menkaure
D:8:      bloody_makhleb, david_lair_shrubbed, serial_shops,
          nicolae_shop_window_shopping, grunt_ogre_cave, uniq_pikel,
          uniq_maurice, uniq_joseph
D:9:      overflow_temple_1_default, serial_shops, nicolae_shop_waterfront,
          nicolae_shop_temple_entry_statues_fountains, shop, shop_fountains,
          nicolae_ru_great_annihilating_truth
D:10:     ebering_ghost_inner_flame, minmay_statue_crystal_thing
Temple:   eino_temple_scatter_basement

Skill      XL: |  1  2  3  4  5  6  7  8  9 10 |
---------------+-------------------------------+-----
Unarmed Combat | 4 5 6 8 9 10 11 12 | 12.0
Evocations     | 4 5 |  5.1
Invocations    | 2 6 9 |  9.7
Fighting       | |  2.4
Dodging        | |  2.4
Stealth        | |  1.0

Action                   |  1- 3 |  4- 6 |  7- 9 | 10-12 || total
-------------------------+-------+-------+-------+-------++-------
Melee: Unarmed           |   107 |   159 |   351 |   251 ||   868
       Punch             |     2 |     3 |    13 |    11 ||    29
 Fire: Hunting sling     |       |       |       |     3 ||     3
Evoke: Wand              |       |       |       |     1 ||     1
  Use: Scroll            |       |       |     1 |    11 ||    12
       Potion            |       |       |       |     1 ||     1
 Stab: Sleeping          |       |     4 |     3 |       ||     7
       Fleeing           |       |       |       |     1 ||     1
       Paralysed         |       |       |       |     1 ||     1
  Eat: Chunk             |    16 |    13 |    32 |    22 ||    83
Armor: Robe              |    56 |    51 |   117 |    85 ||   309
       Skin              |       |       |       |     1 ||     1
Dodge: Dodged            |    67 |    63 |   157 |   119 ||   406
       Deflected         |       |       |       |     4 ||     4
Block: Other             |       |       |    38 |    59 ||    97

Table legend:
 A = Non-vault XP
 B = Vault XP
 C = Vault XP percentage of total XP
 D = Non-vault monster count
 E = Vault monster count
 F = Vault count percentage of total count
                 A         B        C        D         E       F
            +---------+---------+-------+---------+---------+-------
      Total |    8788 |    3259 |  27.1 |     270 |      12 |   4.3
            +---------+---------+-------+---------+---------+-------
        D:1 |      53 |       0 |   0.0 |      25 |       0 |   0.0
        D:2 |     175 |       0 |   0.0 |      29 |       0 |   0.0
        D:3 |     481 |       0 |   0.0 |      41 |       0 |   0.0
        D:4 |     591 |       0 |   0.0 |      21 |       0 |   0.0
        D:5 |    1339 |     208 |  13.4 |      35 |       1 |   2.8
        D:6 |     852 |     220 |  20.5 |      21 |       1 |   4.5
        D:7 |    1738 |    1187 |  40.6 |      35 |       2 |   5.4
        D:8 |    1460 |    1603 |  52.3 |      23 |       4 |  14.8
        D:9 |    1270 |      41 |   3.1 |      31 |       4 |  11.4
       D:10 |     418 |       0 |   0.0 |       7 |       0 |   0.0
     Lair:1 |     411 |       0 |   0.0 |       2 |       0 |   0.0
            +---------+---------+-------+---------+---------+-------
